 Dungeon Crawl Stone Soup version 0.25.1-2-g60ff931df9 (webtiles) character file.

Game seed: 2011208317665086647

38 Borneo the Grave Robber (level 3, -4/24 HPs)
             Began as a Vampire Necromancer on Oct 24, 2020.
             Slain by an ogre
             ... wielding a +0 giant spiked club
              (28 damage)
             ... on level 2 of the Dungeon.
             The game lasted 00:04:04 (1190 turns).

Borneo the Grave Robber (Vampire Necromancer)       Turns: 1190, Time: 00:04:05

Health: -4/24      AC:  2    Str:  7    XL:     3   Next: 25%
Magic:  3/6        EV: 12    Int: 18    God:
Gold:   119        SH:  0    Dex: 14    Spells: 1/6 levels left

rFire    . . .     SeeInvis +   (no weapon)
rCold    . . .     Gourm    .   (no shield)
rNeg     . . .     Faith    .   a - +0 robe
rPois    .         Spirit   .   (no helmet)
rElec    .         Reflect  .   (no cloak)
rCorr    .         Harm     .   (no gloves)
MR       .....                  (no boots)
Stlth    ++........             (no amulet)
HPRegen  0.28/turn              (no ring)
MPRegen  0.10/turn              (no ring)

@: regenerating quickly
A: no food, fangs 3, see invisible, unbreathing
a: Exsanguinate


You were on level 2 of the Dungeon.
You were alive.

You visited 1 branch of the dungeon, and saw 2 of its levels.

You collected 119 gold pieces.

Inventory:

Armour
 a - a +0 robe (worn)
Jewellery
 c - a cursed amulet of inaccuracy {unknown}
Scrolls
 d - a scroll of amnesia {unknown}
 e - a scroll of teleportation
Potions
 b - a potion of heal wounds {unknown}
 f - a potion of brilliance {unknown}
 g - a potion of curing {unknown}


   Skills:
 + Level 2.2 Dodging
 + Level 3.3 Stealth
 + Level 2.2 Spellcasting
 + Level 5.3 Necromancy


You had one spell level left.
You knew the following spells:

 Your Spells              Type           Power        Failure   Level  Hunger
a - Pain                  Necr           ###.         1%          1    N/A
b - Animate Skeleton      Necr           N/A          1%          1    N/A
c - Vampiric Draining     Necr           ###.......   6%          3    N/A

Your spell library contained the following spells:

 Spells                   Type           Power        Failure   Level  Hunger
 Animate Dead             Necr           N/A          19%         4    N/A
 Agony                    Necr           ###.....     47%         5    N/A

Dungeon Overview and Level Annotations

Branches:
Dungeon (2/15)

Altars:


Innate Abilities, Weirdness & Mutations

You do not eat.
Your natural rate of healing is unusually fast.
You have razor-sharp teeth.
You have supernaturally acute eyesight. (SInv)
You can survive without breathing.


Message History

You see here a quokka corpse.
Casting: Pain (safe; 1% risk of failure)
Confirm with . or Enter, or press ? or * to list all spells.
You attempt to give life to the dead...
Before your eyes, flesh is ripped from the corpse!
The dead are hopping!
You see here 2 chunks of flesh.
Your quokka skeleton bites the ogre.
You see here a rat corpse.
Casting: Animate Skeleton (safe; 1% risk of failure)
Confirm with . or Enter, or press ? or * to list all spells.
You attempt to give life to the dead...
Before your eyes, flesh is ripped from the corpse!
The dead are walking!
The ogre closely misses you.
Your quokka skeleton barely misses the ogre.
You see here a chunk of flesh.
Your quokka skeleton bites the ogre.
The ogre hits you with a +0 giant spiked club!!
Ouch! That really hurt!
You die...

####......>........+
#.#####..#.###### #.#..(#..#.#
####.#.#.#..#.#
#....#<#.Z..#.#######
#.########%..........
#.............########## #######
###......#######.......##......#
..'......'.....'@......''......+
###......#######%OZ...%##......#
#..........# #..Z....# ......#
#..........# #.......# .O....#
######.....# #.......# ......#
#.....# #...)...# ......#
#.....# ######### ......#
####### r.....#


You could see an ogre, a friendly rat skeleton and a friendly quokka skeleton.

Vanquished Creatures
  An adder (D:2)
  4 bats (D:1)
  2 giant cockroaches (D:1)
  6 goblins (D:1)
  4 hobgoblins (D:1)
  A quokka (D:2)
  A frilled lizard (D:1)
  A kobold (D:2)
  7 rats
27 creatures vanquished.

Notes
Turn   | Place    | Note
-------+----------+-------------------------------------------
     0 | D:1      | Borneo the Vampire Necromancer began the quest for the Orb.
     0 | D:1      | Reached XP level 1. HP: 13/13 MP: 3/3
   214 | D:1      | Reached XP level 2. HP: 19/19 MP: 3/5
   340 | D:1      | Reached skill level 5 in Necromancy
   551 | D:1      | Learned a level 1 spell: Animate Skeleton
  1001 | D:2      | Reached XP level 3. HP: 24/24 MP: 2/6
  1009 | D:2      | Learned a level 3 spell: Vampiric Draining
  1175 | D:2      | Noticed an ogre
  1190 | D:2      | Slain by an ogre

Illustrated notes

Levels and vault maps discovered:
D:1:      minmay_arrival_radiant_lines, layout_loops_ring
D:2:      layout_basic, uniq_crazy_yiuf_cottage

Skill      XL: |  1  2 |
---------------+-------+-----
Necromancy     | 5 |  5.3
Dodging        | |  2.2
Stealth        | |  3.3
Spellcasting   | |  2.2

Action                   || total
-------------------------++-------
Melee: Unarmed           ||     8
       Bite              ||     1
 Cast: Pain              ||    42
       Animate Skeleton  ||     4
  Use: Scroll            ||     2
Armor: Robe              ||     3
Dodge: Dodged            ||     9
